 Dungeon Crawl Stone Soup version 0.22-a0-284-g99d1f74 (webtiles) character file.

64 Gorglomux the Skirmisher (level 4, -1/44 HPs)
             Began as a Naga Fighter on Mar 22, 2018.
             Slain by Robin
             ... wielding a +0 mace
              (2 damage)
             ... on level 2 of the Dungeon.
             The game lasted 00:00:44 (787 turns).

Gorglomux the Skirmisher (Naga Fighter)              Turns: 787, Time: 00:00:45

Health: -1/44      AC:  4    Str: 24    XL:     4   Next: 12%
Magic:  4/4        EV:  5    Int:  8    God:
Gold:   30         SH:  9    Dex: 11    Spells: 3/3 levels left

rFire    . . .     SeeInvis +   a - +0 war axe
rCold    . . .     Gourm    .   c - +0 shield
rNeg     . . .     Faith    .   b - +0 scale mail
rPois    +         Spirit   .   (no helmet)
rElec    .         Reflect  .   (no cloak)
rCorr    .         Harm     .   (no gloves)
MR       .....                  (no barding)
Stlth    ..........             (no amulet)
HPRegen  0.14/turn              (no ring)
MPRegen  0.09/turn              (no ring)

@: mighty, very slow
A: large, see invisible, deformed body, poison resistance, slowness 2, slow
metabolism 1, spit poison 1, AC +1
a: Spit Poison


You were on level 2 of the Dungeon.
You were not hungry.

You visited 1 branch of the dungeon, and saw 2 of its levels.

You collected 30 gold pieces.

Inventory:

Hand Weapons
 a - a +0 war axe (weapon)
Armour
 b - a +0 scale mail (worn)
 c - a +0 shield (worn)
Scrolls
 h - a scroll of enchant armour {unknown}
 i - a scroll of fog {unknown}
Comestibles
 f - 4 rations
 j - a chunk of flesh


   Skills:
 + Level 4.0 Fighting
 + Level 3.3 Axes
 - Level 2.4 Armour
 - Level 2.4 Shields


You had 3 spell levels left.
You didn't know any spells.

Dungeon Overview and Level Annotations

Branches:
Dungeon (2/15)

Altars:

Annotations:
D:2 Robin


Innate Abilities, Weirdness & Mutations

You cannot wear boots.
Your serpentine skin is tough. (AC +1)
You have supernaturally acute eyesight. (SInv)
Armour fits poorly on your strangely shaped body.
Your system is resistant to poisons. (rPois)
You cover ground very slowly.
You have a slow metabolism.
You can spit poison.


Message History

You carve the goblin butt a ham!!!
You annihilate the goblin!!!
Your shield and scale mail prevent you from hitting the goblin!
You chop the goblin into pieces!
You annihilate the goblin!!!
The goblin hits you but does no damage!
Robin throws the goblin at butt!!! * * * don't die
* * * The goblin hits you with a dagger! * * * don't die
* * * The goblin butts you with a club! * * * don't die
* * * Unknown command!
You feel very mighty all of a sudden! The goblin hits you but does no damage!
Your shield prevents butt from hitting Robin!
You barely miss the goblin! x2; You block the goblin's attack!
The goblin hits you with a club! * * * don't die
* * * Robin hits you with a mace! rip

#### #..##
##)..# ##.†#g#
#######.)##@###
#g.g.g.g###gg.#
#gg####### ###.#
#g.. #.# ..gg #
####.#### ...
..##.......###
##
#............#
####.......#....
#.......####..


You could see Robin and 2 goblins.

Vanquished Creatures
  A worm (D:2)
  2 dart slugs (D:1)
  2 leopard geckos
  6 bats
  A giant cockroach (D:1)
  9 goblins
  4 hobgoblins
  8 jackals (D:1)
  7 kobolds
  2 frilled lizards (D:1)
  7 rats
49 creatures vanquished.

Notes
Turn   | Place    | Note
-------+----------+-------------------------------------------
     0 | D:1      | Gorglomux the Naga Fighter began the quest for the Orb.
     0 | D:1      | Reached XP level 1. HP: 21/21 MP: 1/1
   144 | D:1      | Reached XP level 2. HP: 26/28 MP: 2/2
   352 | D:1      | Reached XP level 3. HP: 26/34 MP: 3/3
   434 | D:1      | Reached skill level 3 in Axes
   762 | D:2      | Noticed Robin
   773 | D:2      | Reached XP level 4. HP: 24/44 MP: 4/4
   774 | D:2      | Reached skill level 4 in Fighting
   787 | D:2      | HP: 1/44 [goblin/club[Robin] (5)]
   787 | D:2      | Slain by Robin

Vault maps used:
D:1:      dpeg_arrival_rhombi, st_stairs_5, minmay_cut_off
D:2:      uniq_robin

Skill      XL: |  1  2  3  4 |
---------------+-------------+-----
Axes           | 3 |  3.3
Fighting       | 4 |  4.0
Armour         | |  2.4
Shields        | |  2.4

Action                   |  1- 3 |  4- 6 || total
-------------------------+-------+-------++-------
Melee: War axe           |   100 |     7 ||   107
 Abil: Spit Poison       |       |     1 ||     1
  Use: Potion            |       |     1 ||     1
Armor: Scale mail        |    44 |     5 ||    49
Dodge: Dodged            |    34 |       ||    34
Block: Shield            |    65 |     6 ||    71

Table legend:
 A = Spawn XP
 B = Non-spawn XP
 C = Spawn XP percentage of total XP
 D = Spawn monster count
 E = Non-spawn monster count
 F = Spawn count percentage of total count
 G = Total turns spent on level
                    A         B        C        D         E        F      G
               +---------+---------+-------+---------+---------+-------+---------
         Total |       0 |      92 |   0.0 |       0 |      49 |   0.0 |   787
               +---------+---------+-------+---------+---------+-------+---------
           D:1 |       0 |      64 |   0.0 |       0 |      35 |   0.0 |   711
           D:2 |       0 |      28 |   0.0 |       0 |      14 |   0.0 |    76
               +---------+---------+-------+---------+---------+-------+---------
